 Dungeon Crawl Stone Soup version 0.22.1-1-ga44c0e56f4 (webtiles) character file.

29 Morbidden the Charmwright (level 3, 0/31 HPs)
             Began as a Gnoll Skald on Oct 29, 2018.
             Succumbed to an adder's poison
             ... on level 2 of the Dungeon.
             The game lasted 00:02:56 (666 turns).

Morbidden the Charmwright (Gnoll Skald)              Turns: 666, Time: 00:02:57

Health: 0/31       AC:  5    Str: 13    XL:     3   Next: 16%
Magic:  6/9        EV: 14    Int: 16    God:
Gold:   55         SH:  0    Dex: 14    Spells: 9/12 levels left

rFire    . . .     SeeInvis .   c - -1 short sword (curse)
rCold    . . .     Gourm    .   (no shield)
rNeg     . . .     Faith    .   b - +1 leather armour
rPois    .         Spirit   .   (no helmet)
rElec    .         Reflect  .   (no cloak)
rCorr    .         Harm     .   f - +0 pair of gloves
MR       .....                  (no boots)
Stlth    +.........             (no amulet)
HPRegen  0.10/turn              (no ring)
MPRegen  0.11/turn              (no ring)

@: lethally poisoned (0 -> -5), singing (expiring), flying
A: distributed training, fangs 1, strong nose
a: no special abilities


You were on level 2 of the Dungeon.
You were not hungry.

You visited 1 branch of the dungeon, and saw 2 of its levels.

You collected 55 gold pieces.

Inventory:

Hand Weapons
 a - a +0 hand axe
 c - a cursed -1 short sword (weapon)
Armour
 b - a +1 leather armour (worn)
 f - a +0 pair of gloves (worn)
Jewellery
 j - an uncursed ring of resist corrosion {unknown}
Scrolls
 e - a scroll of enchant armour
 g - a scroll of teleportation
Comestibles
 d - 5 rations


   Skills:
 + Level 4.5 Fighting
 + Level 0.6 Short Blades
 + Level 0.6 Long Blades
 + Level 4.5 Axes
 + Level 0.6 Maces & Flails
 + Level 0.6 Polearms
 + Level 0.6 Staves
 + Level 0.6 Slings
 + Level 0.6 Bows
 + Level 0.6 Crossbows
 + Level 0.6 Throwing
 + Level 2.5 Armour
 + Level 4.5 Dodging
 + Level 0.6 Stealth
 + Level 0.6 Shields
 + Level 0.6 Unarmed Combat
 + Level 5.0 Spellcasting
 + Level 0.4 Conjurations
 + Level 0.4 Hexes
 + Level 5.4 Charms
 + Level 0.4 Summonings
 + Level 0.4 Necromancy
 + Level 0.4 Translocations
 + Level 0.4 Transmutations
 + Level 0.4 Fire Magic
 + Level 0.4 Ice Magic
 + Level 0.4 Air Magic
 + Level 0.4 Earth Magic
 + Level 0.4 Poison Magic
 + Level 0.8 Invocations
 + Level 0.6 Evocations


You had 9 spell levels left.
You knew the following spells:

 Your Spells              Type           Power        Failure   Level  Hunger
a - Infusion              Chrm           ###.         2%          1    None
z - Song of Slaying       Chrm           ###.....     3%          2    #......

Your spell library contained the following spells:

 Spells                   Type           Power        Failure   Level  Hunger
 Shroud of Golubria       Chrm/Tloc      ##........   9%          2    #......
 Regeneration             Chrm/Necr      ##........   17%         3    ###....
 Spectral Weapon          Hex/Chrm       ##......     17%         3    ###....


Dungeon Overview and Level Annotations

Branches:
Dungeon (2/15)

Altars:


Innate Abilities, Weirdness & Mutations

Your experience applies equally to all skills.
You have very sharp teeth.
Your uncanny sense of smell can sniff out nearby items.


Message History

You fly up into the air.
* * * LOW HITPOINT WARNING * * *
You feel sick.
A rat comes into view.
Unknown command.
You hit the hobgoblin.
The hobgoblin is moderately wounded.
Your song is almost over.
The hobgoblin barely misses you.
Unknown command.
You barely miss the hobgoblin. Your bite misses the hobgoblin.
The hobgoblin is moderately wounded.
* * * LOW HITPOINT WARNING * * *
You feel sick. The hobgoblin closely misses you.
Unknown command.
You hit the hobgoblin.
You kill the hobgoblin!
Unknown command.
You barely miss the rat.
You die...

#####.######.####
#...............
#.###.#######... #.#
#.#######... # #.#
#.<........# .# #.#
#.########.# ..#. #.#
#.# #.#####..... #.#
#.########.#...>.....
#.#
#.#.....@rg..........
#.#
#.#.######.#......##.
#.# #.#)# #.#..##.##
#.# #.#†# #...... #
#.# #.#.# ##...###
#.# #.#.# #...#
#.###.#.### #...#
#.........# #...#
#####.#.#.#


You could see a hobgoblin and a rat.

Vanquished Creatures
  An adder (D:2)
  A dart slug (D:1)
  A leopard gecko (D:2)
  5 bats (D:1)
  3 goblins (D:1)
  A hobgoblin (D:2)
  3 kobolds (D:1)
  A frilled lizard (D:1)
  3 rats (D:1)
19 creatures vanquished.

Notes
Turn   | Place    | Note
-------+----------+-------------------------------------------
     0 | D:1      | Morbidden the Gnoll Skald began the quest for the Orb.
     0 | D:1      | Reached XP level 1. HP: 20/20 MP: 6/6
   192 | D:1      | Reached XP level 2. HP: 26/26 MP: 7/7
   368 | D:1      | Learned a level 2 spell: Song of Slaying
   661 | D:2      | Reached skill level 5 in Spellcasting
   661 | D:2      | Reached XP level 3. HP: 4/31 MP: 6/9
   664 | D:2      | HP: 1/31 [poisoned by an adder]
   666 | D:2      | Succumbed to an adder's poison

Skill      XL: |  1  2 |
---------------+-------+-----
Spellcasting   | 5 |  5.0
Fighting       | |  4.5
Short Blades   | |  0.6
Long Blades    | |  0.6
Axes           | |  4.5
Maces & Flails | |  0.6
Polearms       | |  0.6
Staves         | |  0.6
Slings         | |  0.6
Bows           | |  0.6
Crossbows      | |  0.6
Throwing       | |  0.6
Armour         | |  2.5
Dodging        | |  4.5
Stealth        | |  0.6
Shields        | |  0.6
Unarmed Combat | |  0.6
Conjurations   | |  0.4
Hexes          | |  0.4
Charms         | |  5.4
Summonings     | |  0.4
Necromancy     | |  0.4
Translocations | |  0.4
Transmutations | |  0.4
Fire Magic     | |  0.4
Ice Magic      | |  0.4
Air Magic      | |  0.4
Earth Magic    | |  0.4
Poison Magic   | |  0.4
Invocations    | |  0.8
Evocations     | |  0.6

Action                   || total
-------------------------++-------
Melee: Short sword       ||    58
       Bite              ||     4
 Cast: Infusion          ||     3
       Song of Slaying   ||     1
  Use: Scroll            ||     3
       Potion            ||     1
Armor: Leather armour    ||    17
Dodge: Dodged            ||    38
